 Dungeon Crawl Stone Soup version 0.28-a0-1616-g050a50673c (webtiles) character file.

Game seed: 5729581003556841128

35 HallandMoats the Skirmisher (level 3, 29/29 HPs)
             Began as a Demonspawn Fighter on Jan 22, 2022.
             Was an Initiate of Ru.
             Got out of the dungeon alive.
             The game lasted 00:01:15 (903 turns).

HallandMoats the Skirmisher (Demonspawn Fighter)     Turns: 903, Time: 00:01:16

Health: 29/29      AC:  6    Str: 16    XL:     3   Next: 16%
Magic:  4/4        EV:  9    Int: 11    God:    Ru [......]
Gold:   49         SH:  8    Dex: 14    Spells: 2/2 levels left

rFire   . . .      SeeInvis .   a - +0 long sword
rCold   . . .      Faith    .   c - +0 buckler
rNeg    . . .      Spirit   .   b - +0 scale mail
rPois   .          Reflect  .   (no helmet)
rElec   .          Harm     .   (no cloak)
rCorr   .          Rampage  .   (no gloves)
Will    .....                   (no boots)
Stlth   ..........              (no amulet)
HPRegen 0.09/turn               (no ring)
MPRegen 0.09/turn               (no ring)

@: no status effects
A: big brain 1, condensation shield
a: Renounce Religion, Sacrifice Resistance, Sacrifice Words, Sacrifice
Nimbleness, Reject Sacrifices


You escaped.
You worshipped Ru.
Ru was noncommittal.
You visited 1 branch of the dungeon, and saw 1 of its levels.

You collected 49 gold pieces.

Inventory:

Hand Weapons
 a - a +0 long sword (weapon)
Armour
 b - a +0 scale mail (worn)
 c - a +0 buckler (worn)
Scrolls
 f - a scroll of amnesia {unknown}
Potions
 d - a potion of might
 e - 2 potions of magic {unknown}


   Skills:
 * Level 3.3 Fighting
 + Level 2.0 Long Blades
 + Level 2.8 Armour
 + Level 0.5 Dodging
 + Level 2.8 Shields
 * Level 1.9 Invocations


You had 2 spell levels left.
You didn't know any spells.
Your spell library was empty.

Dungeon Overview and Level Annotations

Branches:
Dungeon (1/15)

Altars:
Ru


Innate Abilities, Weirdness & Mutations

You have an unusually large brain. (Int +2)
A meltable shield of frost defends you. (SH +4)


Message History

No target in view!
No target in view!
A rat comes into view.
Found a faded altar of an unknown god.
The rat barely misses you.
There is a faded altar of an unknown god here.
You closely miss the rat. The rat bites you but does no damage.
You closely miss the rat. The rat bites you but does no damage.
The rat bites you.
You closely miss the rat. The rat misses you.
You barely miss the rat. The rat bites you but does no damage.
You closely miss the rat. The rat bites you but does no damage.
You block the rat's attack.
You hit the rat.
You kill the rat!
You see here a rat corpse.
There is a faded altar of an unknown god here.
You cannot tell which god this altar belongs to.
Convert to them anyway?
Ru accepts your prayer! Ru welcomes you!
Unknown command.
Press < or > to pray at altars.
You see here a rat corpse.
Ru believes you are ready to make a new sacrifice.
There is a fountain of clear blue water here.
Okay, then.
(D) Dungeon
Where to? (? - help)
Okay, then.
Unknown command.
(D) Dungeon
Where to? (? - help)
What level of the Dungeon? (default 1, ? - help)
There is a dry fountain here.
There is a dry fountain here.
There is an open door here.
There is an open door here.
There is a staircase leading out of the dungeon here.
Are you sure you want to leave the Dungeon?
This will make you lose the game!
You have escaped!

#.#.....####.#.....#..###.....#..
#.#.....#....#.######...#.....#..
#.#....##.##.#......###.##....###
#.#...'#..##.######.#...##'...# #
#.#...#..###........#.###.#...# #
#.#..###########.####.#...##..# #
.....######...##'####.#.####..###
#.#..##.....#.'...'...#.####.....
#.#..'..#######.@.#####.#..'.####
#.#..####.....'...'.#.....##.#
..#..####.#.####'##...######(#
###..##...#.####.###########.#
###...#.###.#........###..#..#
..#...'##...#.######.##..#'..#
..#....##.###......#.##.##...#
..#.....#...######.#....#....# #
........###..#.....#.####....# #


There were no monsters in sight!

Vanquished Creatures
  A dart slug (D:1)
  3 bats (D:1)
  2 endoplasms (D:1)
  A giant cockroach (D:1)
  4 goblins (D:1)
  4 hobgoblins (D:1)
  3 jackals (D:1)
  A quokka (D:1)
  A ball python (D:1)
  2 frilled lizards (D:1)
  3 kobolds (D:1)
  5 rats (D:1)
30 creatures vanquished.

Vanquished Creatures (others)
  2 fungi (D:1)
2 creatures vanquished.

Grand Total: 32 creatures vanquished

Notes
Turn   | Place    | Note
-------+----------+-------------------------------------------
     0 | D:1      | HallandMoats the Demonspawn Fighter began the quest for the
                  | Orb.
     0 | D:1      | Reached XP level 1. HP: 18/18 MP: 1/1
    78 | D:1      | Reached skill level 1 in Invocations
    78 | D:1      | Gained mutation: A meltable shield of frost defends you.
                  | (SH +4) [demonic ancestry]
    78 | D:1      | Reached XP level 2. HP: 22/24 MP: 2/2
   721 | D:1      | Gained mutation: You have an unusually large brain. (Int
                  | +2) [demonic ancestry]
   721 | D:1      | Reached XP level 3. HP: 29/29 MP: 4/4
   859 | D:1      | Found a faded altar of an unknown god.
   871 | D:1      | Prayed at the altar of an unknown god.
   871 | D:1      | Became a worshipper of Ru the Awakened
   903 | D:$      | Got out of the dungeon alive.

Illustrated notes

Levels and vault maps discovered:
D:1:      nicolae_arrival_somewhat_less_tricky_arrival, layout_basic,
          shapermc_ecumenical_altar_acropolis

Skill      XL: |  1  2  3 |
---------------+----------+-----
Invocations    | 1 |  1.9
Long Blades    | 2 |  2.0
Fighting       | |  3.3
Armour         | |  2.8
Dodging        | |  0.5
Shields        | |  2.8

Action                   || total
-------------------------++-------
Melee: Long sword        ||    85
Armor: Scale mail        ||    49
Dodge: Dodged            ||    42
Block: Buckler           ||    48

Table legend: (Time is in decaauts)
 A = Elapsed time spent in this place.
 B = Non-inter-level travel time spent in this place.
 C = Inter-level travel time spent in this place.
 D = Time resting spent in this place.
 E = Time spent auto-exploring this place.
 F = Levels seen in this place.
 G = Mean time per level.
                   A        B        C        D        E       F      G
               +--------+--------+--------+--------+--------+-----+--------+
         Total |    932 |    907 |     25 |      0 |    694 |   1 |  932.0 |
       Dungeon |    932 |    907 |     25 |      0 |    694 |   1 |  932.0 |
               +--------+--------+--------+--------+--------+-----+--------+

Top non-repeatable levels by time:
     D:1: 932 daAuts
